 Dungeon Crawl Stone Soup version 0.28-a0-1199-gef9e1dbd39 (webtiles) character file.

Game seed: 9587307344972649037

83 Crownlay the Digger (level 4, -1/24 HPs)
             Began as a Gargoyle Earth Elementalist on Dec 19, 2021.
             Slain by Sigmund (9 damage)
             ... on level 2 of the Dungeon.
             The game lasted 00:03:58 (1236 turns).

Crownlay the Digger (Gargoyle Earth Elementalist)   Turns: 1236, Time: 00:03:59

Health: -1/24      AC:  5    Str: 11    XL:     4   Next: 44%
Magic:  4/9        EV: 11    Int: 18    God:
Gold:   38         SH:  0    Dex: 10    Spells: 9/10 levels left

rFire   . . .      SeeInvis .   g - +1 dagger (speed)
rCold   . . .      Faith    .   (no shield)
rNeg    + . .      Spirit   .   b - +0 robe
rPois   ∞          Reflect  .   (no helmet)
rElec   +          Harm     .   (no cloak)
rCorr   .          Rampage  .   (no gloves)
Will    .....                   (no boots)
Stlth   +.........              (no amulet)
HPRegen 0.08/turn               (no ring)
MPRegen 0.11/turn               (no ring)

@: confused, very slightly contaminated
A: sickness immunity, AC +3, negative energy resistance 1, electricity
resistance, torment resistance 1, petrification resistance
a: no special abilities


You were on level 2 of the Dungeon.
You visited 1 branch of the dungeon, and saw 2 of its levels.

You collected 38 gold pieces.

Inventory:

Hand Weapons
 g - a +1 dagger of speed (weapon)
Missiles
 c - 4 stones
Armour
 b - a +0 robe (worn)
Scrolls
 a - a scroll of enchant armour {unknown}
 d - 3 scrolls of identify {unknown}
 e - a scroll of teleportation {unknown}
 f - a scroll of blinking {unknown}


   Skills:
 - Level 1.5 Dodging
 - Level 2.1 Stealth
 * Level 3.6 Spellcasting
 - Level 0.7 Transmutations
 + Level 4.5 Earth Magic


You had 9 spell levels left.
You knew the following spells:

 Your Spells              Type           Power      Damage    Failure   Level
a - Sandblast             Erth           38%        2d10      2%          1

Your spell library contained the following spells:

 Spells                   Type           Power      Damage    Failure   Level
 Passwall                 Tmut/Erth      10%        N/A       8%          2
 Stone Arrow              Conj/Erth      22%        3d8       19%         3
 Gell's Gravitas          Tloc           3%         N/A       43%         3
 Lesser Beckoning         Tloc           3%         N/A       43%         3
 Teleport Other           Tloc           3%         N/A       43%         3
 Petrify                  Tmut/Erth      12%        N/A       45%         4


Dungeon Overview and Level Annotations

Branches:
Dungeon (2/15)

Altars:
Hepliaklqana

Shops:
D:1 [[

Annotations:
D:2 Sigmund


Innate Abilities, Weirdness & Mutations

You are immune to sickness and miasma.
Your stone body is resilient. (AC +3)
You are immune to poison.
You resist negative energy. (rN+)
You are resistant to electric shocks. (rElec)
You are resistant to unholy torment.
You are immune to petrification.


Message History

Casting: Sandblast (safe; 2% risk of failure)
Confirm with . or Enter, or press ? or * to list all spells.
Aiming: Sandblast (safe; 2% risk of failure)
Press: ? - help, Shift-Dir - straight line
Casting: Sandblast (safe; 2% risk of failure)
Confirm with . or Enter, or press ? or * to list all spells.
Aiming: Sandblast (safe; 2% risk of failure)
Press: ? - help, Shift-Dir - straight line Something hits you but does no damage.
Casting: Sandblast (safe; 2% risk of failure)
Confirm with . or Enter, or press ? or * to list all spells.
Aiming: Sandblast (safe; 2% risk of failure)
Press: ? - help, Shift-Dir - straight line The blast of sand hits something but does no damage.
A magic dart appears from out of thin air!
The magic dart hits you.
Casting: Sandblast (safe; 2% risk of failure)
Confirm with . or Enter, or press ? or * to list all spells.
Aiming: Sandblast (safe; 2% risk of failure)
Press: ? - help, Shift-Dir - straight line You miscast Sandblast.
You are very lightly contaminated with residual magic.
Nothing appears to happen.
You hear some strange, mumbled words.
A puff of flame appears from out of thin air!
The puff of flame hits you.
* * * LOW HITPOINT WARNING * * *
Casting: Sandblast (safe; 2% risk of failure)
Confirm with . or Enter, or press ? or * to list all spells.
Aiming: Sandblast (safe; 2% risk of failure)
Press: ? - help, Shift-Dir - straight line The blast of sand hits something!
You hear some strange, mumbled words.
You are confused.
You're too confused to cast spells.
Sorry, you're not good enough to have a special ability.
You aren't carrying any potions.
You bump into the rock wall.
You bump into the rock wall.
Something hits you!
You die...

#.# #.#
#.# #.#
#.# #.#
#.# #.#
#@# #.#
#.# #.#
.{......#
#########


There were no monsters in sight!

Vanquished Creatures
  Jessica (D:2)
  2 adders (D:2)
  A worm (D:2)
  A dart slug (D:1)
  5 bats
  5 endoplasms
  3 giant cockroaches (D:1)
  3 goblins (D:1)
  2 quokkas (D:1)
  3 ball pythons (D:1)
  2 frilled lizards
  5 kobolds
  2 rats (D:1)
35 creatures vanquished.

Notes
Turn   | Place    | Note
-------+----------+-------------------------------------------
     0 | D:1      | Crownlay the Gargoyle Earth Elementalist began the quest
                  | for the Orb.
     0 | D:1      | Reached XP level 1. HP: 10/10 MP: 3/3
   125 | D:1      | Reached XP level 2. HP: 15/15 MP: 1/5
   231 | D:1      | Found Enesig Beona's Antique Armour Emporium.
   264 | D:1      | Reached skill level 4 in Earth Magic
   640 | D:1      | Reached XP level 3. HP: 19/19 MP: 1/7
   772 | D:1      | Found Simuwocs's Antique Armour Emporium.
   928 | D:2      | Noticed Jessica
   929 | D:2      | Found a hazy altar of Hepliaklqana.
   932 | D:2      | Killed Jessica
   960 | D:2      | Found a faded altar of an unknown god.
   970 | D:2      | Reached XP level 4. HP: 24/24 MP: 6/9
  1222 | D:2      | Noticed Sigmund
  1236 | D:2      | Slain by Sigmund

Illustrated notes

Levels and vault maps discovered:
D:1:      nagdon_arrival_double_spiral, layout_rooms, serial_shops, shop,
          nicolae_shop_advertising_works [nicolae_subvault_shop_adworks]
D:2:      layout_basic, ebering_ecumenical_altar_petrified, basic_altar,
          uniq_sigmund, uniq_jessica

Skill      XL: |  1  2  3 |
---------------+----------+-----
Earth Magic    | 4 |  4.5
Spellcasting   | 3 |  3.6
Dodging        | |  1.5
Stealth        | |  2.1
Transmutations | |  0.7

Action                   |  1- 3 |  4- 6 || total
-------------------------+-------+-------++-------
Melee: Unarmed           |     9 |       ||     9
       Dagger            |    43 |     5 ||    48
 Cast: Sandblast         |    22 |    15 ||    37
Armor: Robe              |    32 |     8 ||    40
Dodge: Dodged            |    41 |     4 ||    45

Table legend: (Time is in decaauts)
 A = Elapsed time spent in this place.
 B = Non-inter-level travel time spent in this place.
 C = Inter-level travel time spent in this place.
 D = Time resting spent in this place.
 E = Time spent auto-exploring this place.
 F = Levels seen in this place.
 G = Mean time per level.
                   A        B        C        D        E       F      G
               +--------+--------+--------+--------+--------+-----+--------+
         Total |   1233 |   1216 |     17 |      0 |    991 |   2 |  616.5 |
       Dungeon |   1233 |   1216 |     17 |      0 |    991 |   2 |  616.5 |
               +--------+--------+--------+--------+--------+-----+--------+

Top non-repeatable levels by time:
     D:1: 905 daAuts
     D:2: 327 daAuts
